 Dungeon Crawl Stone Soup version 0.30.0-29-ga12c61a403 (webtiles) character file.

Game seed: 6919757260206463010

768 cdecastro the Thrower (level 7, -1/47 (51) HPs)
             Began as a Gnoll Wanderer on June 3, 2023.
             Was an Initiate of Vehumet.
             Killed from afar by an orc wizard (10 damage)
             ... with a puff of flame
             ... on level 5 of the Dungeon.
             The game lasted 00:14:24 (4786 turns).

cdecastro the Thrower (Gnoll Wanderer)              Turns: 4786, Time: 00:14:25

HP:   -1/47 (51)    AC:  3    Str:  9    XL:     7   Next: 82%
MP:   15/15         EV: 18    Int: 11    God:    Vehumet [......]
Gold: 169           SH:  0    Dex: 20    Spells: 16/17 levels left

rFire   . . .        v - +4 trident of the Doomed Warrior {freeze, rElec Dex+4}
rCold   + . .        (no shield)
rNeg    . . .        e - +0 robe
rPois   .            (no helmet)
rElec   +            (no cloak)
rCorr   .            (no gloves)
SInv    .            r - +0 pair of boots
Will    .....        (no amulet)
Stlth   +++          B - ring of protection from cold
HPRegen 0.27/turn    D - +5 ring of evasion
MPRegen 0.14/turn

%: no passive effects
@: drained
A: fangs 1, strong nose, distributed training
a: Renounce Religion


You were on level 5 of the Dungeon.
You worshipped Vehumet.
Vehumet was noncommittal.
You visited 2 branches of the dungeon, and saw 6 of its levels.

You collected 197 gold pieces.
You spent 28 gold pieces at shops.

Inventory:

Hand Weapons
 a - a +2 dagger
 t - a +0 short sword of speed
 v - the +4 trident of the Doomed Warrior (weapon) {freeze, rElec Dex+4}
   (You found it on level 3 of the Dungeon)

   Dex:       It affects your dexterity (+4).
   rElec:     It insulates you from electricity.
 F - a +2 dagger of venom
Missiles
 b - 2 curare-tipped darts
 k - 2 boomerangs
 n - 3 silver boomerangs
 p - 7 poisoned darts
 C - 2 javelins
Armour
 e - a +0 robe (worn)
 r - a +0 pair of boots (worn)
 A - a +0 helmet
Jewellery
 B - a ring of protection from cold (left hand)
 D - a +5 ring of evasion (right hand)
Wands
 c - a wand of flame (6)
Scrolls
 f - 3 scrolls of immolation {unknown}
 g - 2 scrolls of amnesia {unknown}
 h - a scroll of blinking {unknown}
 i - a scroll of identify
 m - a scroll of summoning {unknown}
 o - 2 scrolls of poison {unknown}
 u - a scroll of enchant armour {unknown}
 w - a scroll of enchant weapon {unknown}
 x - 5 scrolls of teleportation {unknown}
 y - 2 scrolls of vulnerability {unknown}
 E - a scroll of torment {unknown}
Potions
 d - a potion of lignification
 j - 3 potions of brilliance
 l - 2 potions of flight
 q - a potion of mutation
 s - a potion of cancellation
 z - 2 potions of attraction


   Skills:
 + Level 2.8 Fighting
 + Level 2.8 Short Blades
 + Level 2.8 Long Blades
 + Level 2.8 Axes
 + Level 2.8 Maces & Flails
 + Level 2.8 Polearms
 + Level 2.8 Staves
 + Level 2.8 Ranged Weapons
 + Level 9.0 Throwing
 + Level 2.8 Armour
 + Level 2.8 Dodging
 + Level 2.8 Stealth
 + Level 2.8 Shields
 + Level 2.8 Unarmed Combat
 + Level 5.8 Spellcasting
 + Level 2.3 Conjurations
 + Level 2.3 Hexes
 + Level 2.3 Summonings
 + Level 2.3 Necromancy
 + Level 2.3 Translocations
 + Level 2.3 Transmutations
 + Level 4.5 Fire Magic
 + Level 2.3 Ice Magic
 + Level 2.3 Air Magic
 + Level 2.3 Earth Magic
 + Level 2.3 Poison Magic
 + Level 4.1 Invocations
 + Level 3.9 Evocations


You had 16 spell levels left.
You knew the following spells:

 Your Spells              Type           Power      Damage    Failure   Level
a - Foxfire               Conj/Fire      40%        2x1d6     4%          1

Your spell library contained the following spells:

 Spells                   Type           Power      Damage    Failure   Level
 Apportation              Tloc           16%        N/A       8%          1
 Freeze                   Ice            32%        1d5       8%          1
 Inner Flame              Hex/Fire       10%        N/A       14%         3
 Volatile Blastmotes      Fire/Tloc      20%        2d11      14%         3
 Dazzling Flash           Conj/Hex       16%        N/A       22%         3
 Frozen Ramparts          Ice            16%        1d3       22%         3
 Hailstorm                Conj/Ice       8%         3d4       22%         3
 Iskenderun's Mystic Bla  Conj/Tloc      8%         2d4       58%         4
 Starburst                Conj/Fire      5%         6d4       100%        6


Dungeon Overview and Level Annotations

Branches:
Dungeon (5/15)             Temple (1/1) D:4

Altars:
Cheibriados
Dithmenos
Elyvilon
Fedhas
Gozag
Hepliaklqana
Kikubaaqudgha
Makhleb
Nemelex Xobeh
Qazlal
Ru
Sif Muna
Trog
Uskayaw
Vehumet
Xom
Yredelemnul
Zin
The Shining One

Shops:
D:1 ?

Annotations:
D:4 Eustachio
D:5 exclusion: ogre


Innate Abilities, Weirdness & Mutations

You have very sharp teeth.
Your uncanny sense of smell can sniff out nearby items.
Your experience applies equally to all skills.


Message History

* * * LOW HITPOINT WARNING * * *
You feel drained.
* * * LOW HITPOINT WARNING * * *
A magic dart appears from out of thin air!
The magic dart hits you.
* * * LOW HITPOINT WARNING * * *
Unknown command.
Something hits you.
* * * LOW HITPOINT WARNING * * *
You feel drained.
You hit something. You freeze something. Something closely misses you.
You hit something. You freeze something. Something hits you.
* * * LOW HITPOINT WARNING * * *
You feel drained.
You miss something. You punch something. Vehumet accepts your kill.
Reactivating autopickup.
You feel a bit more experienced.
You puncture the orc! You freeze the orc.
You kill the orc!
Vehumet accepts your kill.
You hear some strange, mumbled words.
Deactivating autopickup; reactivate with Ctrl-A.
Something tries to affect you, but you resist.
You puncture something! You freeze something. Your bite misses something.
Something barely misses you.
You hit something but do no damage. Something barely misses you.
You miss something. Something hits you but does no damage.
You closely miss something. Something hits you.
* * * LOW HITPOINT WARNING * * *
You closely miss something. Something closely misses you.
You hit something. You freeze something. Something hits you.
* * * LOW HITPOINT WARNING * * *
Something hits you.
* * * LOW HITPOINT WARNING * * *
You closely miss something.
You hear some strange, mumbled words.
A puff of flame appears from out of thin air!
The puff of flame hits you!
You die...

#........).....#
######.####........#
####......# #....)...#
...>..#...# #........#
........######........#
......### #..........#
......# ##.###..##)##
......# ##..# #{###.#
.#.#### ##..## #@# #.#
...# #..## #.# #.#
..#######.######.# #.##
...............#.# #..#
.#######.#####.#.# ##.#
## #.# #...####.# ##.#
##....##.#
#######..######..#..#.#
#.....................#


There were no monsters in sight!

Vanquished Creatures
  An ice beast (D:5)
  2 phantoms
  2 scorpions (D:5)
  3 jellies
  A gnoll bouda (D:5)
  An iguana (D:5)
  2 orc wizards
  Robin (D:4)
  6 gnolls
  3 adders
  A shadow imp (D:5)
  2 worms
  9 orcs
  8 ball pythons
  11 endoplasms
  4 giant cockroaches
  15 goblins
  6 hobgoblins
  4 jackals (D:1)
  7 kobolds
  3 quokkas
  5 bats
  11 frilled lizards
  3 rats
111 creatures vanquished.

Vanquished Creatures (others)
  322 foxfires
322 creatures vanquished.

Grand Total: 433 creatures vanquished

Notes
Turn   | Place    | Note
-------+----------+-------------------------------------------
     0 | D:1      | cdecastro the Gnoll Wanderer began the quest for the Orb.
     0 | D:1      | cdecastro set off with the following items: a +2 dagger, 2
                  | curare-tipped darts, a wand of flame (6), a potion of
                  | lignification, a +0 robe; and the following spell
                  | memorised: Foxfire; and the following spells available to
                  | memorise: Inner Flame.
     0 | D:1      | Reached XP level 1. HP: 13/13 MP: 6/6
   177 | D:1      | Reached XP level 2. HP: 19/19 MP: 5/7
   314 | D:1      | Found a faded altar of an unknown god.
   335 | D:1      | Got Plato's Secrets of Direction
   591 | D:1      | Reached skill level 5 in Spellcasting
   591 | D:1      | Reached XP level 3. HP: 25/25 MP: 5/9
   746 | D:1      | Found Witearyg's Magic Scroll Shoppe.
   765 | D:1      | Bought a scroll of identify for 28 gold pieces
  1132 | D:2      | Reached skill level 1 in Fighting
  1132 | D:2      | Reached skill level 1 in Short Blades
  1132 | D:2      | Reached skill level 1 in Long Blades
  1132 | D:2      | Reached skill level 1 in Axes
  1132 | D:2      | Reached skill level 1 in Maces & Flails
  1132 | D:2      | Reached skill level 1 in Polearms
  1132 | D:2      | Reached skill level 1 in Staves
  1132 | D:2      | Reached skill level 1 in Ranged Weapons
  1132 | D:2      | Reached skill level 1 in Armour
  1132 | D:2      | Reached skill level 1 in Dodging
  1132 | D:2      | Reached skill level 1 in Stealth
  1132 | D:2      | Reached skill level 1 in Shields
  1132 | D:2      | Reached skill level 1 in Unarmed Combat
  1489 | D:2      | Reached XP level 4. HP: 32/32 MP: 9/11
  1956 | D:3      | Reached skill level 1 in Conjurations
  1956 | D:3      | Reached skill level 1 in Hexes
  1956 | D:3      | Reached skill level 1 in Summonings
  1956 | D:3      | Reached skill level 1 in Necromancy
  1956 | D:3      | Reached skill level 1 in Translocations
  1956 | D:3      | Reached skill level 1 in Transmutations
  1956 | D:3      | Reached skill level 1 in Ice Magic
  1956 | D:3      | Reached skill level 1 in Air Magic
  1956 | D:3      | Reached skill level 1 in Earth Magic
  1956 | D:3      | Reached skill level 1 in Poison Magic
  2198 | D:3      | Found an ancient bone altar of Kikubaaqudgha.
  2229 | D:3      | Identified the +4 trident of the Doomed Warrior {freeze,
                  | rElec Dex+4}
  2502 | D:3      | Found a glowing silver altar of Zin.
  2524 | D:4      | Noticed Eustachio
  2686 | D:4      | Found a staircase to the Ecumenical Temple.
  2747 | D:4      | Noticed a phantom
  2803 | D:4      | Reached XP level 5. HP: 37/37 MP: 10/12
  2807 | D:4      | Noticed Robin
  2812 | D:4      | Killed Robin
  2931 | D:4      | Killed a phantom
  3022 | D:4      | Found a stormy altar of Qazlal.
  3024 | D:4      | Noticed a water elemental
  3025 | D:4      | Noticed a fire elemental
  3025 | D:4      | Noticed an air elemental
  3195 | D:4      | Reached XP level 6. HP: 44/44 MP: 10/14
  3688 | Temple   | Entered the Ecumenical Temple
  3831 | Temple   | Became a worshipper of Vehumet
  3888 | D:5      | Entered Level 5 of the Dungeon
  4378 | D:5      | Reached XP level 7. HP: 6/51 MP: 10/15
  4587 | D:5      | Reached skill level 9 in Throwing
  4786 | D:5      | Killed from afar by an orc wizard

Illustrated notes

Levels and vault maps discovered:
D:1:      reono_arrival_forest_river, layout_loops_ring, serial_shops,
          nicolae_shop_waterfront, shapermc_ecumenical_altar_rom_forum,
          minmay_misc_feat_doors, solitary_fountain
D:2:      wad_pebble_path, layout_loops_ring
D:3:      layout_basic, nicolae_overflow_hidden_temple, lemuel_doored_altar,
          minmay_lizard_king
D:4:      layout_gridville, nicolae_qazlal_style_of_elements, temple_doors_ab,
          kennysheep_dice, uniq_eustachio, uniq_robin
D:5:      layout_rooms, cheibrodos_ashenzari_chains
Temple:   regret_index_temple_sphere_string

Skill      XL: |  1  2  3  4  5  6  7 |
---------------+----------------------+-----
Spellcasting   | 5 |  5.8
Fighting       | 1 2 |  2.8
Short Blades   | 1 2 |  2.8
Long Blades    | 1 2 |  2.8
Axes           | 1 2 |  2.8
Maces & Flails | 1 2 |  2.8
Polearms       | 1 2 |  2.8
Staves         | 1 2 |  2.8
Ranged Weapons | 1 2 |  2.8
Armour         | 1 2 |  2.8
Dodging        | 1 2 |  2.8
Stealth        | 1 2 |  2.8
Shields        | 1 2 |  2.8
Unarmed Combat | 1 2 |  2.8
Conjurations   | 1 2 |  2.3
Hexes          | 1 2 |  2.3
Summonings     | 1 2 |  2.3
Necromancy     | 1 2 |  2.3
Translocations | 1 2 |  2.3
Transmutations | 1 2 |  2.3
Ice Magic      | 1 2 |  2.3
Air Magic      | 1 2 |  2.3
Earth Magic    | 1 2 |  2.3
Poison Magic   | 1 2 |  2.3
Invocations    | 3 4 |  4.1
Evocations     | 3 |  3.9
Fire Magic     | 4 |  4.5
Throwing       | 9 |  9.0

Action                     |  1- 3 |  4- 6 |  7- 9 || total
---------------------------+-------+-------+-------++-------
  Melee: Dagger            |    25 |       |       ||    25
         Bite              |     1 |     3 |     2 ||     6
         Trident           |       |    27 |    31 ||    58
         Punch             |       |       |     2 ||     2
  Throw: Dart              |     1 |     1 |       ||     2
         Boomerang         |       |     3 |       ||     3
   Cast: Foxfire           |    49 |   116 |    18 ||   183
    Use: Scroll            |       |     5 |       ||     5
         Potion            |       |     1 |       ||     1
   Stab: Sleeping          |     2 |       |       ||     2
 Armour: Robe              |     5 |    10 |     4 ||    19
         Skin              |       |     3 |     9 ||    12
  Dodge: Dodged            |    18 |    60 |    21 ||    99
